 Dungeon Crawl Stone Soup version 0.25-a0-545-ge4db218 (webtiles) character file.

Game seed: 7577237900333126377, levelgen mode: deterministic

3744 wolfsongas the Grappler (level 9, -7/86 HPs)
             Began as a Troll Monk on Feb 21, 2020.
             Was an Elder of Ru.
             Killed from afar by a manticore (14 damage)
             ... with a volley of spikes
             ... on level 10 of the Dungeon.
             The game lasted 00:17:58 (7755 turns).

wolfsongas the Grappler (Troll Monk)                Turns: 7755, Time: 00:17:58

Health: -7/86      AC: 13    Str: 21    XL:     9   Next: 93%
Magic:  8/8        EV: 14    Int:  6    God:    Ru [****..]
Gold:   56         SH:  0    Dex: 15    Spells: 8/8 levels left

rFire    . . .     SeeInvis .     - Unarmed
rCold    . . .     Gourm    +   (no shield)
rNeg     . . .     Faith    .   e - +1 acid dragon scales
rPois    .         Spirit   .   (helmet restricted)
rElec    .         Reflect  .   f - +1 cloak
rCorr    +         Harm     .   (gloves unavailable)
MR       .....                  (boots unavailable)
Stlth    +.........             (no amulet)
HPRegen  0.64/turn              i - ring of flight
MPRegen  0.11/turn              k - ring of resist corrosion

@: exhausted, barbed spikes, lightly drained
A: large, unfitting armour, claws 3, fast metabolism 3, frail 1, gourmand,
regeneration 1, shaggy fur 1, tough skin 3, inexperienced 1
a: Draw Out Power, Power Leap, Renounce Religion, Evoke Flight


You were on level 10 of the Dungeon.
You worshipped Ru.
Ru was greatly pleased with you.
You were not hungry.

You visited 2 branches of the dungeon, and saw 11 of its levels.

You collected 321 gold pieces.
You spent 265 gold pieces at shops.

Inventory:

Hand Weapons
 a - a +3 giant spiked club of freezing
Armour
 e - +1 acid dragon scales (worn)
 f - a +1 cloak (worn)
 r - a +1 robe of cold resistance
Magical Staves
 n - an uncursed staff of energy
Jewellery
 i - a ring of flight (left claw)
 k - a ring of resist corrosion (right claw)
Wands
 d - a wand of flame (10)
 l - a wand of iceblast (9)
 m - a wand of random effects (7)
Scrolls
 g - a scroll of blinking
 h - 3 scrolls of remove curse
 q - 2 scrolls of fear
 s - 2 scrolls of identify
Potions
 c - a potion of cancellation
 j - 2 potions of flight
 o - a potion of resistance
Comestibles
 b - 20 rations


   Skills:
 + Level 8.2(7.9) Fighting
 + Level 8.2(7.9) Dodging
 - Level 1.0(0.7) Stealth
 + Level 11.2(10.9) Unarmed Combat


You had 8 spell levels left.
You didn't know any spells.
Your spell library contained the following spells:

 Spells                   Type           Power        Failure   Level  Hunger
 Animate Skeleton         Necr           N/A          54%         1    ##.....
 Pain                     Necr           #...         54%         1    ##.....
 Vampiric Draining        Necr           #.........   88%         3    ####...
 Animate Dead             Necr           N/A          99%         4    #####..
 Agony                    Necr           #.......     100%        5    ######.


Dungeon Overview and Level Annotations

Branches:
Dungeon (10/15)            Temple (1/1) D:6
   Lair: D:8-11         Orc: D:9-12

Altars:
Ashenzari
Cheibriados
Dithmenos
Elyvilon
Fedhas
Gozag
Hepliaklqana
Kikubaaqudgha
Makhleb
Nemelex Xobeh
Okawaru
Qazlal
Ru
Sif Muna
Trog
Uskayaw
Vehumet
Wu Jian
Xom
Zin
The Shining One

Shops:
D:5 =   D:6 *   D:7 :   D:9 %[[?


Innate Abilities, Weirdness & Mutations

You are too large for most types of armour.
You have claws for hands.
Your metabolism is lightning-fast.
You are frail. (-10% HP)
You like to eat raw meat.
Your natural rate of healing is unusually fast.
You are covered in fur. (AC +1)
You have extremely tough skin. (AC +3)
You are somewhat inexperienced. (-2 XL)


Message History

The orc warrior is heavily wounded.
You barely miss the orc warrior.
The orc warrior is heavily wounded.
The orc warrior hits you with a +0 glaive!
* * * LOW HITPOINT WARNING * * *
You scratch the orc warrior.
The orc warrior is severely wounded.
The orc warrior hits you with a +0 glaive.
* * * LOW HITPOINT WARNING * * *
Okay, then.
You're too exhausted to draw out your power.
You claw the orc warrior!
You kill the orc warrior!
A manticore comes into view.
Things that are here:
a +0 ring mail; a +0 spear The manticore flicks its tail.
The volley of spikes hits you!
The barbed spikes become lodged in your body.
You die...

#..........<.......
#.##....)....$....
#.........).......
#.#...............
####..?............
#................>.
##.#.##[.[.........
# #. #....(.......
#.##..@.........
#........H......
#..#...........
#....#...........
#### #...........
#...........
#...........
#...).......
#.........


You could see a manticore.

Vanquished Creatures
  Harold (D:8)
  A two-headed ogre (D:8)
  Maggie (D:6)
  14 yaks (D:9)
  A human (D:7)
  4 hogs (D:7)
  A hungry ghost (D:9)
  An orc warrior (D:10)
  An ice beast (D:9)
  A sky beast (D:6)
  A black bear (D:8)
  A necrophage (D:9)
  2 phantoms
  5 ogres
  5 centaurs
  Blork the orc (D:6)
  5 bullfrogs
  A gnoll sergeant (D:10)
  2 scorpions (D:9)
  A water moccasin skeleton (D:6)
  A howler monkey (D:8)
  5 crimson imps
  A centaur zombie (D:8)
  2 bullfrog skeletons
  A bullfrog zombie (D:7)
  4 jellies
  Crazy Yiuf (D:3)
  4 orc priests
  A hound (D:4)
  A centaur skeleton (D:6)
  An iguana (D:9)
  5 orc wizards
  5 worker ants
  A howler monkey zombie (D:9)
  17 adders
  16 gnolls
  A howler monkey skeleton (D:4)
  2 shadow imps (D:8)
  2 oozes
  2 adder zombies
  A worm (D:3)
  2 adder skeletons
  3 dart slugs
  6 leopard geckos
  26 orcs
  5 bats
  2 giant cockroaches
  12 hobgoblins
  5 jackals (D:2)
  4 quokkas
  A frilled lizard (D:3)
  6 goblins
  12 kobolds
  5 rats
213 creatures vanquished.

Vanquished Creatures (others)
  A gnoll (D:9)
  An orc (D:6)
2 creatures vanquished.

Grand Total: 215 creatures vanquished

Notes
Turn   | Place    | Note
-------+----------+-------------------------------------------
     0 | D:1      | wolfsongas the Troll Monk began the quest for the Orb.
     0 | D:1      | Reached XP level 1. HP: 22/22 MP: 0/0
   251 | D:1      | Reached XP level 2. HP: 29/29 MP: 1/1
   534 | D:2      | Found a white marble altar of Elyvilon.
   646 | D:2      | Found a hazy altar of Hepliaklqana.
   659 | D:2      | Reached XP level 3. HP: 33/37 MP: 2/2
   820 | D:2      | Reached XP level 4. HP: 46/46 MP: 3/3
  1122 | D:2      | Found an ornate altar of the Wu Jian Council.
  1138 | D:2      | Found a glowing golden altar of the Shining One.
  1148 | D:2      | Found a shattered altar of Ashenzari.
  1306 | D:3      | Reached skill level 4 in Unarmed Combat
  1354 | D:3      | Reached XP level 5. HP: 54/54 MP: 4/4
  1535 | D:3      | Found a runed translucent door.
  1536 | D:3      | Noticed Crazy Yiuf
  1739 | D:3      | Found a burning altar of Makhleb.
  1929 | D:3      | Killed Crazy Yiuf
  1929 | D:3      | Reached XP level 6. HP: 52/65 MP: 5/5
  2065 | D:4      | Found a stormy altar of Qazlal.
  2182 | D:4      | Found a snail-covered altar of Cheibriados.
  2196 | D:4      | Reached skill level 5 in Fighting
  2935 | D:5      | Entered Level 5 of the Dungeon
  3002 | D:5      | Found Pozumm's Jewellery Shoppe.
  3085 | D:5      | Reached skill level 5 in Unarmed Combat
  3151 | D:5      | Found an ornate altar of the Wu Jian Council.
  3496 | D:6      | Reached XP level 7. HP: 71/72 MP: 6/6
  3522 | D:6      | Noticed Blork the orc
  3539 | D:6      | Killed Blork the orc
  3676 | D:6      | Found Ebrisy's Mass Market.
  3819 | D:6      | Noticed Maggie
  4014 | D:6      | Killed Maggie
  4014 | D:6      | Reached skill level 6 in Unarmed Combat
  4014 | D:6      | Reached XP level 8. HP: 77/87 MP: 7/7
  4222 | D:6      | Reached skill level 7 in Unarmed Combat
  4229 | D:6      | Found a staircase to the Ecumenical Temple.
  4252 | Temple   | Entered the Ecumenical Temple
  4393 | Temple   | Became a worshipper of Ru the Awakened
  4409 | D:6      | Gained mutation: You are frail. (-10% HP) [Ru sacrifice]
  4409 | D:6      | Reached * piety under Ru
  4409 | D:6      | Reached ** piety under Ru
  4843 | D:7      | Found Laoveel's Book Shop.
  4895 | D:7      | Found a sparkling altar of Nemelex Xobeh.
  4955 | D:7      | Reached XP level 9. HP: 76/83 MP: 8/8
  5035 | D:7      | Reached skill level 8 in Unarmed Combat
  5296 | D:7      | Found a bloodstained altar of Trog.
  5442 | D:7      | Reached skill level 5 in Dodging
  5458 | D:7      | Reached skill level 9 in Unarmed Combat
  5638 | D:8      | Identified the +7 hand crossbow of the Skies Above {elec,
                  | -Tele Str+6} (You found it on level 8 of the Dungeon)
  5649 | D:8      | Noticed Harold
  5668 | D:8      | Killed Harold
  5855 | D:8      | Reached XP level 10. HP: 91/91 MP: 9/9
  5867 | D:8      | Found a shimmering altar of Xom.
  5909 | D:8      | Noticed a two-headed ogre
  5931 | D:8      | Killed a two-headed ogre
  5931 | D:8      | Reached skill level 10 in Unarmed Combat
  6091 | D:8      | Found a bloodstained altar of Trog.
  6577 | D:8      | Found a shimmering blue altar of Sif Muna.
  6661 | D:9      | Found Qilifaett's Food Emporium.
  6818 | D:9      | Gained mutation: You are somewhat inexperienced. (-2 XL)
                  | [Ru sacrifice]
  6818 | D:9      | Reached XP level 9. HP: 83/83 MP: 8/8
  6818 | D:9      | Reached XP level 8. HP: 78/78 MP: 7/7
  6818 | D:9      | Reached *** piety under Ru
  6818 | D:9      | Reached **** piety under Ru
  6986 | D:9      | Reached XP level 9. HP: 72/86 MP: 8/8
  7029 | D:9      | Found Punechiemu's Magic Scroll Emporium.
  7035 | D:9      | Bought a scroll of enchant weapon for 75 gold pieces
  7035 | D:9      | Bought a scroll of identify for 20 gold pieces
  7035 | D:9      | Bought 2 scrolls of enchant armour for 150 gold pieces
  7035 | D:9      | Bought a scroll of identify for 20 gold pieces
  7095 | D:9      | Found Gehooph's Antique Armour Emporium.
  7346 | D:9      | Found Suuneutt's Antique Armour Boutique.
  7372 | D:10     | Entered Level 10 of the Dungeon
  7416 | D:9      | Reached skill level 11 in Unarmed Combat
  7748 | D:10     | HP: 3/86 [orc warrior/+0 glaive (5)]
  7751 | D:10     | Noticed a manticore
  7755 | D:10     | Killed from afar by a manticore

Levels and vault maps discovered:
D:1:      beargit_arrival_greenhouse, layout_basic
D:2:      layout_loops_ring, minmay_overflow_temple_star_quad,
          overflow_temple_1_default, elyvilon_altar_4, minmay_tromino_mix6
D:3:      layout_rooms, bloody_makhleb, first_ration, uniq_crazy_yiuf_cottage
D:4:      layout_basic, nicolae_overflow_hidden_temple
D:5:      layout_cave_pools, serial_shops, shop, minivault_5, lemuel_tele_altar
D:6:      layout_gridville, temple_fountains, minmay_shop_mass,
          uniq_blork_the_orc, uniq_maggie
D:7:      layout_loops_ring, kennysheep_mini, lemuel_round_altar, serial_shops,
          nicolae_shop_crystal, grunt_livestock, minmay_misc_feat_roman
D:8:      layout_loops_ring, lemuel_blue_sif_altar, lemuel_doored_altar,
          basic_altar, uniq_harold
D:9:      layout_basic, serial_shops, shop, kennysheep_little_box, shop,
          kennysheep_mini_moat
D:10:     layout_basic, dpeg_oklobed_lair, erik_orc_3, minivault_8
Temple:   nicolae_temple_figure_zero

Skill      XL: |  1  2  3  4  5  6  7  8  9 10 |
---------------+-------------------------------+-----
Fighting       | 3 4 5 7 8 |  8.2
Unarmed Combat | 4 5 6 7 11 10 | 11.2
Dodging        | 4 8 7 |  8.2
Stealth        | |  1.0

Action                   |  1- 3 |  4- 6 |  7- 9 | 10-12 || total
-------------------------+-------+-------+-------+-------++-------
Melee: Unarmed           |    91 |   192 |   344 |    78 ||   705
       Punch             |     1 |     6 |    16 |     6 ||    29
Invok: Sacrifice Health  |       |       |     1 |       ||     1
       Sacrifice Experie |       |       |     1 |       ||     1
       Power Leap        |       |       |     2 |       ||     2
       Draw Out Power    |       |       |     1 |       ||     1
  Use: Scroll            |     5 |     6 |     9 |     4 ||    24
       Potion            |       |     7 |     3 |     1 ||    11
 Stab: Sleeping          |     2 |     4 |     1 |       ||     7
       Distracted        |     1 |       |     4 |     1 ||     6
  Eat: Chunk             |    13 |    16 |    35 |     9 ||    73
       Ration            |       |       |     1 |       ||     1
Armor: Robe              |    22 |    76 |    21 |       ||   119
       Acid dragon scale |       |       |    95 |    22 ||   117
Dodge: Dodged            |    41 |    95 |   161 |    41 ||   338

Table legend:
 A = Non-vault XP
 B = Vault XP
 C = Vault XP percentage of total XP
 D = Non-vault monster count
 E = Vault monster count
 F = Vault count percentage of total count
                 A         B        C        D         E       F
            +---------+---------+-------+---------+---------+-------
      Total |    8729 |    2559 |  22.7 |     199 |      14 |   6.6
            +---------+---------+-------+---------+---------+-------
        D:1 |      16 |       0 |   0.0 |      10 |       0 |   0.0
        D:2 |     109 |      17 |  13.5 |      29 |       3 |   9.4
        D:3 |     208 |      41 |  16.5 |      32 |       1 |   3.0
        D:4 |     186 |       0 |   0.0 |       7 |       0 |   0.0
        D:5 |     176 |       0 |   0.0 |      11 |       0 |   0.0
        D:6 |    1290 |     512 |  28.4 |      22 |       2 |   8.3
        D:7 |     735 |     971 |  56.9 |      20 |       5 |  20.0
        D:8 |    1282 |    1013 |  44.1 |      21 |       1 |   4.5
        D:9 |    4301 |       5 |   0.1 |      40 |       2 |   4.8
       D:10 |     426 |       0 |   0.0 |       7 |       0 |   0.0
            +---------+---------+-------+---------+---------+-------
